 Dungeon Crawl Stone Soup version 0.31-a0-200-gbc41564c69 (webtiles) character file.

Game seed: 1524021293076093528

1129 qw the Skirmisher (level 8, -4/46 HPs)
             Began as a Deep Elf Hunter on June 25, 2023.
             Was an Initiate of Okawaru.
             Slain by a water moccasin (7 damage)
             ... on level 6 of the Dungeon.
             The game lasted 00:01:20 (4704 turns).

qw the Skirmisher (Deep Elf Hunter)                 Turns: 4704, Time: 00:01:21

Health: -4/46      AC:  3    Str: 14    XL:     8   Next: 13%
Magic:  10/10      EV: 12    Int: 14    God:    Okawaru [......]
Gold:   150        SH:  0    Dex: 17    Spells: 7/7 levels left

rFire   . . .        Y - +1 arbalest
rCold   + . .        (shield currently unavailable)
rNeg    . . .        e - +1 ring mail
rPois   .            (no helmet)
rElec   .            (no cloak)
rCorr   .            (no gloves)
SInv    .            (no boots)
Will    .....        (no amulet)
Stlth   +            k - ring of protection from cold
HPRegen 0.27/turn    (no ring)
MPRegen 0.12/turn

%: no passive effects
@: about to teleport
A: deformed body, strong 1
a: Renounce Religion


You were on level 6 of the Dungeon.
You worshipped Okawaru.
Okawaru was noncommittal.
You visited 2 branches of the dungeon, and saw 7 of its levels.

You collected 325 gold pieces.
You spent 175 gold pieces at shops.


Innate Abilities, Weirdness & Mutations

Armour fits poorly on your strangely shaped body.
Your muscles are strong. (Str +4, Int/Dex -1)


   Skills:
 - Level 3.0 Fighting
 + Level 12.0 Ranged Weapons
 - Level 1.5 Armour
 - Level 4.1 Dodging
 - Level 1.2 Stealth


You had 7 spell levels left.
You didn't know any spells.
Your spell library was empty.

Inventory:

Hand Weapons
 a - the +9 shortbow of Grim Courage {heavy, rF+}
   (You acquired it on level 1 of the Dungeon)

   rF:        It protects you from fire.
 Y - a +1 arbalest (weapon)
Armour
 e - a +1 ring mail (worn)
Jewellery
 k - a ring of protection from cold (left hand)
Scrolls
 h - a scroll of teleportation
 m - a scroll of identify
Potions
 d - 2 potions of curing
 f - 3 potions of mutation
 g - a potion of invisibility {unknown}
 j - a potion of haste {unknown}
 l - a potion of lignification {unknown}

Dungeon Overview and Level Annotations

Branches:
Dungeon (6/15)             Temple (1/1) D:6

Altars:
Ashenzari
Cheibriados
Dithmenos
Elyvilon
Fedhas
Gozag
Hepliaklqana
Kikubaaqudgha
Nemelex Xobeh
Okawaru
Qazlal
Ru
Trog
Uskayaw
Vehumet
Wu Jian
Xom
Yredelemnul

Shops:
D:1 :   D:5 [=*

Annotations:
D:5 1 runed translucent door, exclusion: 2 gnoll sergeants, Crazy Yiuf


Message History

You feel strangely unstable. The orc priest barely misses you.
A sky beast comes into view.
The orc wizard mumbles some strange words.
The orc wizard flickers and vanishes!
Deactivating autopickup; reactivate with Ctrl-A.
You shoot a bolt. The bolt barely misses the orc priest.
The orc priest barely misses you.
An orc comes into view. It is wielding a +0 club.
You shoot a bolt. The orc shouts!
The bolt hits the orc priest!!
You kill the orc priest!
Okawaru accepts your kill.
You hear a shout!
An orc comes into view. It is wielding a +2 hand axe of venom.
The orc wizard hits you with a +0 dagger.
The orc moves out of view.
Your Fighting skill increases to level 3!
You shoot a bolt. The bolt closely misses the orc wizard.
Your surroundings suddenly seem different.
A water moccasin, an adder and a sky beast come into view.
Found a potion of mutation, a mace and 19 gold pieces.
Found a stone staircase leading down.
The water moccasin hisses angrily.
The adder hisses angrily.
The adder moves out of view.
Autopickup is now on.
Enter note: You shoot a bolt.
The bolt barely misses the water moccasin.
A jelly comes into view.
4703 ||| READING 2 scrolls of teleportation.
As you read the scroll of teleportation, it crumbles to dust.
You feel strangely unstable. The water moccasin barely misses you.
The water moccasin bites you!
You shoot a bolt.
The bolt closely misses the water moccasin.
The adder bites you. The water moccasin closely misses you.
The adder barely misses you. The water moccasin bites you!
You die...

..#######
....!..@#
......SSY......
...J....>#.....
#)...###.. ....
..... ..$ ...
###. .... .. #
...#. . ...##.
.....


You could see a water moccasin, a sky beast, a jelly and an adder.

Vanquished Creatures
  Eustachio (D:4)
  2 water moccasins (D:5)
  Pargi (D:4)
  An orc warrior (D:6)
  A black bear (D:4)
  A gnoll sergeant (D:5)
  A scorpion (D:3)
  2 hounds
  An orc priest (D:6)
  An iguana (D:5)
  2 orc wizards
  13 gnolls (D:5)
  2 adders
  A worm (D:2)
  3 dart slugs
  8 orcs
  6 endoplasms
  3 giant cockroaches
  4 goblins
  9 hobgoblins
  2 jackals (D:5)
  2 quokkas
  7 ball pythons
  9 bats
  8 kobolds
  7 rats
98 creatures vanquished.

Notes
Turn   | Place    | Note
-------+----------+-------------------------------------------
     0 | D:1      | qw the Deep Elf Hunter began the quest for the Orb.
     0 | D:1      | Reached XP level 1. HP: 12/12 MP: 3/3
     0 | D:1      | 0 ||| qw: Version: 0.3-a-22-g0ed2b0b
     0 | D:1      | 0 ||| qw: Game counter: 5568
     0 | D:1      | 0 ||| qw: Melee chars always use a shield: true
     0 | D:1      | 0 ||| qw: God list: Okawaru
     0 | D:1      | 0 ||| qw: Allow faded altars: false
     0 | D:1      | 0 ||| qw: Do Orc after clearing Dungeon:15 true
     0 | D:1      | 0 ||| qw: Do second Lair branch before Depths: true
     0 | D:1      | 0 ||| qw: Lair rune preference: random
     0 | D:1      | 0 ||| qw: Goals: Normal
     0 | D:1      | 0 ||| PLANNING D:1-11
    99 | D:1      | Found Xaog's Vocational Training.
   106 | D:1      | Reached XP level 2. HP: 16/16 MP: 4/4
   107 | D:1      | Reached skill level 6 in Ranged Weapons
   343 | D:1      | Reached XP level 3. HP: 20/20 MP: 5/5
   679 | D:1      | 679 ||| UPGRADING to +0 ring mail.
   689 | D:1      | 689 ||| DROPPING +0 leather armour.
   690 | D:1      | 690 ||| READING scroll labelled LYKHLA BONOMP.
   690 | D:1      | Identified a scroll of acquirement
   690 | D:1      | 690 ||| ACQUIRING +9 shortbow of Grim Courage {heavy, rF+}
   690 | D:1      | Acquired the +9 shortbow of Grim Courage {heavy, rF+}
   692 | D:1      | 692 ||| SWAPPING to +9 shortbow of Grim Courage {heavy,
                  | rF+}.
   693 | D:1      | 693 ||| DROPPING +0 shortbow.
   694 | D:1      | 694 ||| READING scroll labelled KUDOSE BOQOVAS.
   695 | D:1      | 695 ||| READING scroll labelled FEATYU EDGHIS.
   696 | D:1      | 696 ||| DRINKING 2 golden potions.
   697 | D:1      | 697 ||| DROPPING scroll of butterflies.
   699 | D:1      | 699 ||| Stepping ~*~*~tactically~*~*~ (cloud).
   703 | D:1      | HP: 5/20 [poisoned by you (poison gas)]
   857 | D:2      | Reached skill level 7 in Ranged Weapons
   896 | D:2      | Reached XP level 4. HP: 25/25 MP: 6/6
  1506 | D:2      | 1506 ||| UPGRADING to amulet of guardian spirit.
  1511 | D:2      | 1511 ||| UPGRADING to ring of protection from cold.
  1512 | D:2      | 1512 ||| READING 3 scrolls labelled RIFIOKH IPRA.
  1515 | D:2      | 1515 ||| READING scroll labelled HECKOS QUYQY.
  1516 | D:2      | 1516 ||| READING 2 scrolls labelled DELUYW ZEBILAF.
  1517 | D:2      | 1517 ||| DRINKING 2 amethyst potions.
  1517 | D:2      | Gained mutation: Your muscles are strong. (Str +4, Int/Dex
                  | -1) [potion of mutation]
  1517 | D:2      | Gained mutation: Armour fits poorly on your strangely
                  | shaped body. [potion of mutation]
  1518 | D:2      | 1518 ||| DROPPING scroll of amnesia.
  1717 | D:3      | Reached skill level 8 in Ranged Weapons
  1735 | D:3      | Noticed a scorpion
  1737 | D:3      | Reached XP level 5. HP: 29/29 MP: 7/7
  1741 | D:3      | Reached skill level 9 in Ranged Weapons
  2104 | D:3      | Found a faded altar of an unknown god.
  2362 | D:3      | 2362 ||| READING scroll labelled NOIGHATHUF.
  2363 | D:3      | 2363 ||| READING 3 scrolls labelled WEVIZE GUGRUDGH.
  2364 | D:3      | 2364 ||| DRINKING 3 fuming pink potions.
  2365 | D:3      | 2365 ||| DROPPING 2 potions of brilliance.
  2366 | D:3      | 2366 ||| DROPPING 2 scrolls of noise.
  2385 | D:4      | Noticed a black bear
  2388 | D:4      | Killed a black bear
  2389 | D:4      | Reached XP level 6. HP: 34/36 MP: 6/8
  2524 | D:4      | Noticed Pargi
  2526 | D:4      | Killed Pargi
  2527 | D:4      | Reached skill level 3 in Dodging
  2789 | D:4      | Noticed Eustachio
  2800 | D:4      | Killed Eustachio
  2801 | D:4      | Reached XP level 7. HP: 40/40 MP: 9/9
  2980 | D:4      | 2980 ||| READING scroll labelled QIDOSS UMOI.
  2981 | D:4      | 2981 ||| READING 3 scrolls labelled XULAURIAMETT.
  2982 | D:4      | 2982 ||| DROPPING 2 scrolls of revelation.
  2990 | D:5      | Entered Level 5 of the Dungeon
  3042 | D:5      | Reached skill level 10 in Ranged Weapons
  3088 | D:5      | 3088 ||| DRINKING 4 potions of curing.
  3088 | D:5      | 3088 ||| (to cure poison)
  3094 | D:5      | 3094 ||| DRINKING 3 potions of curing.
  3094 | D:5      | 3094 ||| (to cure poison)
  3101 | D:5      | Reached skill level 11 in Ranged Weapons
  3261 | D:5      | Found a shadowy altar of Dithmenos.
  3294 | D:5      | Found a sparkling altar of Nemelex Xobeh.
  3453 | D:5      | 3453 ||| FLEEEEING.
  3454 | D:5      | 3454 ||| FLEEEEING.
  3455 | D:5      | 3455 ||| FLEEEEING.
  3456 | D:5      | 3456 ||| FLEEEEING.
  3457 | D:5      | 3457 ||| FLEEEEING.
  3458 | D:5      | 3458 ||| FLEEEEING.
  3459 | D:5      | 3459 ||| FLEEEEING.
  3460 | D:5      | 3460 ||| FLEEEEING.
  3461 | D:5      | 3461 ||| FLEEEEING.
  3462 | D:5      | 3462 ||| FLEEEEING.
  3464 | D:5      | 3464 ||| FLEEEEING.
  3465 | D:5      | 3465 ||| FLEEEEING.
  3466 | D:5      | 3466 ||| FLEEEEING.
  3467 | D:5      | 3467 ||| FLEEEEING.
  3541 | D:5      | Found Buicw's Armour Shop.
  3541 | D:5      | Found Jejuaxy's Jewellery Shop.
  3543 | D:5      | Found Taaskuab's General Store.
  3549 | D:5      | 3549 ||| SHOPLISTING +6 ring of dexterity (504 gold, have
                  | 262).
  3549 | D:5      | 3549 ||| SHOPLISTING amulet "Lisataax" {Reflect Fly rF+
                  | Int-3 Dex+6 SH+5} (733 gold, have 262).
  3549 | D:5      | 3549 ||| SHOPLISTING amulet of regeneration (420 gold, have
                  | 262).
  3549 | D:5      | 3549 ||| SHOPLISTING amulet of the acrobat (420 gold, have
                  | 262).
  3549 | D:5      | 3549 ||| SHOPLISTING ring of fire (350 gold, have 262).
  3549 | D:5      | 3549 ||| SHOPLISTING ring of poison resistance (280 gold,
                  | have 262).
  3549 | D:5      | 3549 ||| SHOPLISTING ring of protection from cold (350
                  | gold, have 262).
  3599 | D:5      | Found a runed translucent door.
  3600 | D:5      | Noticed Crazy Yiuf
  4199 | D:5      | 4199 ||| SWAPPING to +0 arbalest.
  4200 | D:5      | 4200 ||| READING scroll labelled SIOCLI IZYITI.
  4201 | D:5      | 4201 ||| READING scroll labelled RISODGH PUZY.
  4383 | D:5      | 4383 ||| STAIRDANCE
  4388 | D:4      | Reached skill level 12 in Ranged Weapons
  4403 | D:5      | 4403 ||| BUYING scroll of enchant armour (105 gold).
  4403 | D:5      | Bought a scroll of enchant armour for 105 gold pieces
  4403 | D:5      | 4403 ||| BUYING scroll of identify (28 gold).
  4403 | D:5      | Bought a scroll of identify for 28 gold pieces
  4403 | D:5      | 4403 ||| BUYING scroll of teleportation (42 gold).
  4403 | D:5      | Bought a scroll of teleportation for 42 gold pieces
  4403 | D:5      | 4403 ||| READING scroll of enchant armour.
  4403 | D:5      | 4403 ||| ENCHANTING +0 ring mail.
  4404 | D:5      | 4404 ||| READING 2 scrolls of identify.
  4404 | D:5      | 4404 ||| IDENTIFYING bubbling emerald potion
  4405 | D:5      | 4405 ||| DROPPING potion of magic.
  4484 | D:6      | Found a staircase to the Ecumenical Temple.
  4485 | D:6      | 4485 ||| PLANNING TEMPLE
  4489 | Temple   | Entered the Ecumenical Temple
  4518 | Temple   | 4518 ||| PLANNING OKAWARU WORSHIP
  4652 | Temple   | Became a worshipper of Warmaster Okawaru
  4653 | Temple   | 4653 ||| PLANNING D:1-11
  4653 | Temple   | 4653 ||| REMOVING amulet of guardian spirit.
  4658 | Temple   | 4658 ||| DROPPING amulet of guardian spirit.
  4690 | D:6      | Reached XP level 8. HP: 45/45 MP: 10/10
  4693 | D:6      | 4693 ||| Stepping ~*~*~tactically~*~*~ (outnumbered).
  4697 | D:6      | HP: 10/45 [orc priest/+0 mace (5)]
  4698 | D:6      | Reached skill level 1 in Armour
  4698 | D:6      | 4698 ||| READING 3 scrolls of teleportation.
  4701 | D:6      | Reached skill level 3 in Fighting
  4703 | D:6      | 4703 ||| READING 2 scrolls of teleportation.
  4703 | D:6      | HP: 4/46 [water moccasin (7)]
  4704 | D:6      | Slain by a water moccasin

Levels and vault maps discovered:
D:1:      lemuel_arrival_muddy, layout_loops_ring, nicolae_shop_vocational
D:2:      layout_loops_corners, grunt_ministairs_1
D:3:      layout_loops_corners, basic_ecumenical_altar,
          nicolae_figureground_sparkle
D:4:      layout_basic, uniq_eustachio, uniq_pargi
D:5:      layout_loops_ring, mainiacjoe_overflow_catch_the_wave,
          marbit_many_paths, nicolae_shop_distant_corner_stores,
          palyth_stone_intersect, minmay_misc_feat_rugged,
          uniq_crazy_yiuf_cottage
D:6:      layout_rooms, minmay_temple_entry_offerings,
          eino_small_chamber_without_monster
Temple:   nicolae_temple_bog_church

Skill      XL: |  1  2  3  4  5  6  7  8 |
---------------+-------------------------+-----
Ranged Weapons | 6 7 8 9 12 | 12.0
Fighting       | 2 3 |  3.0
Dodging        | 3 4 |  4.1
Armour         | 1 |  1.5
Stealth        | |  1.2

Action                     |  1- 3 |  4- 6 |  7- 9 || total
---------------------------+-------+-------+-------++-------
   Fire: Shortbow          |    65 |    56 |    45 ||   166
         Arbalest          |       |       |    17 ||    17
    Use: Scroll            |     3 |     5 |     8 ||    16
         Potion            |     1 |     2 |     2 ||     5
 Armour: Leather armour    |     7 |       |       ||     7
         Ring mail         |     1 |     3 |     2 ||     6
  Dodge: Dodged            |    16 |     8 |    22 ||    46

Table legend:
 A = Non-vault XP
 B = Vault XP
 C = Vault XP percentage of total XP
 D = Non-vault monster count
 E = Vault monster count
 F = Vault count percentage of total count
                 A         B        C        D         E       F
            +---------+---------+-------+---------+---------+-------
      Total |    1286 |     328 |  20.3 |      94 |       4 |   4.1
            +---------+---------+-------+---------+---------+-------
        D:1 |      45 |       0 |   0.0 |      26 |       0 |   0.0
        D:2 |      94 |       3 |   3.1 |      25 |       2 |   7.4
        D:3 |     159 |       0 |   0.0 |      13 |       0 |   0.0
        D:4 |     167 |     325 |  66.1 |       4 |       2 |  33.3
        D:5 |     609 |       0 |   0.0 |      22 |       0 |   0.0
        D:6 |     212 |       0 |   0.0 |       4 |       0 |   0.0
            +---------+---------+-------+---------+---------+-------
